Santa Cruz Tiger Sharks vs Philadelphia Phantoms
Created - Friday, March 31, 2023 at 07:48
Goals
|
| Santa Cruz Tiger Sharks |
1 |
2 |
4 |
7 |
| Philadelphia Phantoms |
2 |
2 |
1 |
5 |
|
Shots
|
| Santa Cruz Tiger Sharks |
4 |
15 |
17 |
36 |
| Philadelphia Phantoms |
15 |
10 |
14 |
39 |
|
1st period
1. Philadelphia Phantoms , Blake Lizotte 13 (Nathan Bastian 14, Nick Cousins 11) at 10:55 (PP)
2. Santa Cruz Tiger Sharks , Jesper Boqvist 9 (David Gustafsson 2) at 14:28
3. Philadelphia Phantoms , Brett Murray 3 (Jaret Anderson-Dolan 8, Jacob Larsson 5) at 19:26
Penalties :
William Borgen (PHI) for Fighting (Major) at 2:20, David Gustafsson (SCS) for Fighting (Major) at 2:20, Hunter Drew (SCS) for Hooking (Minor) at 10:47, Jaret Anderson-Dolan (PHI) for Fighting (Major) at 10:58, Zach Sanford (SCS) for Fighting (Major) at 10:58, Casey Fitzgerald (PHI) for Fighting (Major) at 14:18, Michael McLeod (SCS) for Fighting (Major) at 14:18, Brad Hunt (PHI) for Holding (Minor) at 17:25
2nd period
4. Santa Cruz Tiger Sharks , Michael McLeod 6 (Jack Roslovic 14, Travis Boyd 11) at 3:21 (PP)
5. Philadelphia Phantoms , Brandon Duhaime 1 (Brad Hunt 7, Carson Meyer 1) at 6:47
6. Philadelphia Phantoms , Blake Lizotte 14 (Nick Cousins 12) at 8:12 (PP)
7. Santa Cruz Tiger Sharks , Kieffer Bellows 2 (Kevin Rooney 6, Calle Rosen 8) at 14:55
Penalties :
Nick Cousins (PHI) for Hooking (Minor) at 1:57, Michael McLeod (SCS) for Tripping (Minor) at 8:09, Michael McLeod (SCS) for High sticking (Minor) at 8:19
3rd period
8. Santa Cruz Tiger Sharks , Kevin Rooney 5 (Kieffer Bellows 6, Calle Rosen 9) at 0:44
9. Philadelphia Phantoms , Erik Gustafsson 3 (Blake Lizotte 16) at 5:48
10. Santa Cruz Tiger Sharks , Kieffer Bellows 3 (Kevin Rooney 7, Calle Rosen 10) at 8:19
11. Santa Cruz Tiger Sharks , Jack Roslovic 7 (Kailer Yamamoto 5) at 14:17
12. Santa Cruz Tiger Sharks , Kieffer Bellows 4 (Alexander Volkov 5, Kevin Rooney 8) at 16:43
Penalties :
Kieffer Bellows (SCS) for Interference (Minor) at 1:47, Brett Murray (PHI) for Fighting (Major) at 15:02, Kristians Rubins (SCS) for Fighting (Major) at 15:02
Goalie Stats
Carter Hart (SCS), 34 saves from 39 shots - (0.872), W, 6-3-1, 60:00 minutes
Dereck Baribeau (PHI), 29 saves from 36 shots - (0.806), L, 2-3-1, 60:00 minutes
Players Stats for Santa Cruz Tiger Sharks
Player Name G A P +/- PIM S H SB GA TA FO MP PP MP PK MP
------------------------------------------------------------------------------------
Alexander Volkov 0 1 1 4 0 2 2 0 1 0 1/3 14:47 0:00 0:52
Austin Strand 0 0 0 1 0 3 3 1 0 0 0/0 22:45 1:47 1:54
Calle Rosen 0 3 3 2 0 1 2 2 0 1 0/0 23:03 1:36 2:10
Carter Rowney 0 0 0 0 0 2 0 0 1 0 0/0 8:11 0:00 0:00
David Gustafsson 0 1 1 1 5 1 1 0 0 0 3/7 9:05 0:38 0:00
Evgeny Svechnikov 0 0 0 0 0 0 1 3 0 0 0/0 8:11 0:00 0:00
Hunter Drew 0 0 0 0 2 0 0 2 0 0 0/0 16:00 0:00 0:05
Jack Roslovic 1 1 2 0 0 4 4 1 1 0 8/26 19:48 1:51 2:04
Jesper Boqvist 1 0 1 -1 0 3 0 0 2 0 1/1 16:46 1:29 0:09
Kailer Yamamoto 0 1 1 0 0 4 2 0 2 0 0/2 19:51 1:54 2:04
Kevin Rooney 1 3 4 4 0 1 2 0 1 0 3/9 15:14 0:30 0:00
Kieffer Bellows 3 1 4 4 2 4 1 0 1 0 0/0 13:11 0:00 0:00
Kristians Rubins 0 0 0 0 5 0 2 4 0 0 0/0 14:11 0:00 0:05
Michael McLeod 1 0 1 -1 9 2 1 0 1 1 10/17 15:32 0:24 0:52
Sean Day 0 0 0 2 0 2 2 1 0 0 0/0 21:14 1:36 2:10
Tobias Bjornfot 0 0 0 1 0 3 1 1 0 0 0/0 22:45 1:47 1:54
Travis Boyd 0 1 1 0 0 3 3 1 0 0 1/1 19:47 1:54 1:56
Zach Sanford 0 0 0 -2 5 1 3 0 1 0 0/0 15:22 1:29 0:21
Players Stats for Philadelphia Phantoms
Player Name G A P +/- PIM S H SB GA TA FO MP PP MP PK MP
------------------------------------------------------------------------------------
Adam Ruzicka 0 0 0 -1 0 2 1 0 0 0 1/3 10:09 1:51 0:00
Alexander Holtz 0 0 0 -1 0 4 1 0 1 0 0/0 11:37 0:00 1:26
Blake Lizotte 2 1 3 0 0 6 1 0 1 1 24/30 19:07 2:05 0:00
Brad Hunt 0 1 1 0 2 0 1 0 0 3 0/0 18:42 2:33 0:51
Brandon Duhaime 1 0 1 -1 0 4 0 0 0 0 0/1 9:56 0:00 1:42
Brett Murray 1 0 1 -1 5 3 2 1 0 0 0/0 15:14 0:00 0:15
Carson Meyer 0 1 1 -1 0 1 2 0 0 0 0/0 8:40 0:13 0:00
Casey Fitzgerald 0 0 0 1 5 0 3 2 0 1 0/0 21:43 0:00 0:40
Erik Gustafsson 1 0 1 -1 0 4 1 0 0 2 0/0 25:51 2:33 0:50
Jacob Larsson 0 1 1 -4 0 1 4 2 0 1 0/0 18:48 1:36 0:50
Jaret Anderson-Dolan 0 1 1 0 5 1 1 2 0 1 7/15 17:10 1:51 0:15
Mason Shaw 0 0 0 -2 0 2 1 1 0 0 4/11 15:17 0:13 1:42
Nathan Bastian 0 1 1 -2 0 2 2 0 0 1 1/2 18:53 2:05 0:00
Nick Cousins 0 2 2 0 2 5 2 0 0 1 1/1 19:07 2:12 0:00
Noah Juulsen 0 0 0 1 0 1 1 1 0 0 0/0 19:05 1:36 2:00
Otto Koivula 0 0 0 -1 0 2 1 0 0 0 1/2 12:05 0:06 1:26
Tyson Foerster 0 0 0 0 0 0 4 0 0 0 0/1 19:19 1:51 0:00
William Borgen 0 0 0 -2 5 1 3 2 0 0 0/0 15:55 0:00 1:42
3 Stars
1 - Kieffer Bellows (SCS)
2 - Kevin Rooney (SCS)
3 - Calle Rosen (SCS)
Power Play
Santa Cruz Tiger Sharks - 1 on 2 Attempt(s) - 50.00%
Philadelphia Phantoms - 2 on 4 Attempt(s) - 50.00%
Penalty Kill
Santa Cruz Tiger Sharks - 2 on 4 Attempt(s) - 50.00%
- Score 0 goal in Penalty Kill
Philadelphia Phantoms - 1 on 2 Attempt(s) - 50.00%
- Score 0 goal in Penalty Kill
Team Stat
Santa Cruz Tiger Sharks - Hits : 30 - Faceoff Wins : 27 - Blocked Shots : 16 - Penalty Minutes : 28
Philadelphia Phantoms - Hits : 31 - Faceoff Wins : 39 - Blocked Shots : 11 - Penalty Minutes : 24
Official
Referees : Tom Chmielewski and Jacob Brenk
Linesman : Vaughan Rody and Derek Nansen
Game Notes
David Gustafsson beats up William Borgen at 2:20 of 1st period
Jaret Anderson-Dolan beats up Zach Sanford at 10:58 of 1st period
Casey Fitzgerald beats up Michael McLeod at 14:18 of 1st period
Brett Murray and Kristians Rubins fight to a draw at 15:02 of 3rd period
Kieffer Bellows has scored a Hat Trick!
Santa Cruz Tiger Sharks
5 vs 5 Forward
Center Left Wing Right Wing Time % Phy DF OF
1 Jack Roslovic Travis Boyd Kailer Yamamoto 30 1 2 2
2 Michael McLeod Zach Sanford Jesper Boqvist 30 1 2 2
3 Kevin Rooney Kieffer Bellows Alexander Volkov 25 1 2 2
4 David Gustafsson Evgeny Svechnikov Carter Rowney 15 1 2 2
5 vs 5 Defense
Defense Defense Time % Phy DF OF
1 Tobias Bjornfot Austin Strand 35 1 2 2
2 Calle Rosen Sean Day 35 1 2 2
3 Kristians Rubins Hunter Drew 30 1 2 2
4 Tobias Bjornfot Austin Strand 0 1 2 2
PowerPlay Forward
Center Left Wing Right Wing Time % Phy DF OF
1 Jack Roslovic Travis Boyd Kailer Yamamoto 50 1 2 2
2 Michael McLeod Zach Sanford Jesper Boqvist 50 1 2 2
PowerPlay Defense
Defense Defense Time % Phy DF OF
1 Tobias Bjornfot Austin Strand 50 1 2 2
2 Calle Rosen Sean Day 50 1 2 2
Penalty Kill 4 Players Forward
Center Wing Time % Phy DF OF
1 Jack Roslovic Kailer Yamamoto 50 1 2 2
2 Michael McLeod Travis Boyd 50 1 2 2
Penalty Kill 4 Players Defense
Defense Defense Time % Phy DF OF
1 Tobias Bjornfot Austin Strand 50 1 2 2
2 Calle Rosen Sean Day 50 1 2 2
Penalty Kill - 3 Players Forward
Forward Time % Phy DF OF
1 Jack Roslovic 50 1 2 2
2 Kailer Yamamoto 50 1 2 2
Penalty Kill - 3 Players Defense
Defense Defense Time % Phy DF OF
1 Tobias Bjornfot Austin Strand 50 1 2 2
2 Calle Rosen Sean Day 50 1 2 2
4 vs 4 Forward
Center Wing Time % Phy DF OF
1 Jack Roslovic Kailer Yamamoto 50 1 2 2
2 Michael McLeod Travis Boyd 50 1 2 2
4 vs 4 Defense
Defense Defense Time % Phy DF OF
1 Tobias Bjornfot Austin Strand 50 1 2 2
2 Calle Rosen Sean Day 50 1 2 2
Last Minutes Offensive
Center Left Wing Right Wing Defense Defense
Jack Roslovic Travis Boyd Kailer Yamamoto Tobias Bjornfot Austin Strand
Last Minutes Defensive
Center Left Wing Right Wing Defense Defense
Jack Roslovic Travis Boyd Kailer Yamamoto Tobias Bjornfot Austin Strand
Goaltenders
Starting : Carter Hart
Backup : Mikhail Berdin
Extra Forwards
Normal : David Gustafsson, Kevin Rooney, Alexander Volkov - PP : David Gustafsson, Kevin Rooney - PK : Alexander Volkov
Extra Defensemen
Normal : Kristians Rubins, Hunter Drew, Calle Rosen - PP : Kristians Rubins - PK : Hunter Drew, Calle Rosen
Penalty Shots
Jack Roslovic, Kailer Yamamoto, Michael McLeod, Travis Boyd, Zach Sanford
Philadelphia Phantoms
5 vs 5 Forward
Center Left Wing Right Wing Time % Phy DF OF
1 Blake Lizotte Nick Cousins Tyson Foerster 35 0 1 4
2 Jaret Anderson-Dolan Brett Murray Nathan Bastian 35 0 1 4
3 Mason Shaw Otto Koivula Alexander Holtz 20 0 3 2
4 Adam Ruzicka Brandon Duhaime Carson Meyer 10 1 3 1
5 vs 5 Defense
Defense Defense Time % Phy DF OF
1 Erik Gustafsson Casey Fitzgerald 35 0 3 2
2 Jacob Larsson William Borgen 30 0 3 2
3 Brad Hunt Noah Juulsen 25 0 3 2
4 Erik Gustafsson Casey Fitzgerald 10 0 3 2
PowerPlay Forward
Center Left Wing Right Wing Time % Phy DF OF
1 Blake Lizotte Nick Cousins Nathan Bastian 60 0 1 4
2 Jaret Anderson-Dolan Adam Ruzicka Tyson Foerster 40 0 1 4
PowerPlay Defense
Defense Defense Time % Phy DF OF
1 Erik Gustafsson Brad Hunt 60 0 1 4
2 Noah Juulsen Jacob Larsson 40 0 1 4
Penalty Kill 4 Players Forward
Center Wing Time % Phy DF OF
1 Otto Koivula Alexander Holtz 50 0 4 1
2 Mason Shaw Brandon Duhaime 50 0 4 1
Penalty Kill 4 Players Defense
Defense Defense Time % Phy DF OF
1 Casey Fitzgerald William Borgen 55 0 4 1
2 Noah Juulsen Brad Hunt 45 0 4 1
Penalty Kill - 3 Players Forward
Forward Time % Phy DF OF
1 Alexander Holtz 50 0 5 0
2 Mason Shaw 50 0 5 0
Penalty Kill - 3 Players Defense
Defense Defense Time % Phy DF OF
1 Casey Fitzgerald William Borgen 55 0 5 0
2 Noah Juulsen Brad Hunt 45 0 5 0
4 vs 4 Forward
Center Wing Time % Phy DF OF
1 Blake Lizotte Nathan Bastian 50 0 2 3
2 Nick Cousins Jaret Anderson-Dolan 50 0 2 3
4 vs 4 Defense
Defense Defense Time % Phy DF OF
1 Erik Gustafsson Casey Fitzgerald 50 0 3 2
2 Jacob Larsson William Borgen 50 0 3 2
Last Minutes Offensive
Center Left Wing Right Wing Defense Defense
Blake Lizotte Nick Cousins Nathan Bastian Erik Gustafsson Brad Hunt
Last Minutes Defensive
Center Left Wing Right Wing Defense Defense
Mason Shaw Otto Koivula Alexander Holtz Casey Fitzgerald William Borgen
Goaltenders
Starting : Dereck Baribeau
Backup : Connor Ingram
Extra Forwards
Normal : Mason Shaw, Tyson Foerster, Brett Murray - PP : Mason Shaw, Tyson Foerster - PK : Brett Murray
Extra Defensemen
Normal : Jacob Larsson, Brad Hunt, William Borgen - PP : Jacob Larsson - PK : Brad Hunt, William Borgen
Penalty Shots
Nick Cousins, Jaret Anderson-Dolan, Tyson Foerster, Erik Gustafsson, Mason Shaw
% Time on Ice - Santa Cruz Tiger Sharks
Lines # - Real PCT - Wanted PCT - Time Play
Normal Forward
1 - 30% - 30% - 15:57
2 - 29% - 30% - 15:09
3 - 25% - 25% - 13:11
4 - 16% - 15% - 8:11
Normal Defense
1 - 35% - 35% - 18:36
2 - 33% - 35% - 17:29
3 - 30% - 30% - 15:55
4 - 1% - 0% - 0:28
PP Forward
1 - 55% - 50% - 1:51
2 - 45% - 50% - 1:32
PP Defense
1 - 53% - 50% - 1:47
2 - 47% - 50% - 1:36
PK Forward
1 - 50% - 50% - 2:04
2 - 50% - 50% - 2:05
PK Defense
1 - 46% - 50% - 1:54
2 - 54% - 50% - 2:15
PK3 Forward
1 - 0% - 50%
2 - 0% - 50%
PK3 Defense
1 - 0% - 50%
2 - 0% - 50%
44 Forward
1 - 0% - 50%
2 - 0% - 50%
44 Defense
1 - 0% - 50%
2 - 0% - 50%
Last Minute Offensive - 0:00
Last Minute Defensive - 0:00
Total
Forward - 60:00
Defense - 60:00
|
% Time on Ice - Philadelphia Phantoms
Lines # - Real PCT - Wanted PCT - Time Play
Normal Forward
1 - 33% - 35% - 17:33
2 - 31% - 35% - 16:30
3 - 19% - 20% - 10:11
4 - 16% - 10% - 8:14
Normal Defense
1 - 35% - 35% - 18:17
2 - 31% - 30% - 16:22
3 - 26% - 25% - 13:37
4 - 8% - 10% - 4:12
PP Forward
1 - 55% - 60% - 2:18
2 - 45% - 40% - 1:51
PP Defense
1 - 61% - 60% - 2:33
2 - 39% - 40% - 1:36
PK Forward
1 - 50% - 50% - 1:41
2 - 50% - 50% - 1:42
PK Defense
1 - 75% - 55% - 2:32
2 - 25% - 45% - 0:51
PK3 Forward
1 - 0% - 50%
2 - 0% - 50%
PK3 Defense
1 - 0% - 55%
2 - 0% - 45%
44 Forward
1 - 0% - 50%
2 - 0% - 50%
44 Defense
1 - 0% - 50%
2 - 0% - 50%
Last Minute Offensive - 0:00
Last Minute Defensive - 0:00
Total
Forward - 60:00
Defense - 60:00
|
Play-by-Play
1st period
0:01 of 1st period - Blake Lizotte wins face-off versus Jack Roslovic in neutral zone.
0:12 of 1st period - Snap shot by Nick Cousins.
0:12 of 1st period - Shot Misses the Net.
0:26 of 1st period - Michael McLeod is hit by Nathan Bastian and loses puck.
0:57 of 1st period - Tobias Bjornfot is hit by William Borgen and loses puck.
1:15 of 1st period - Slapshot by Adam Ruzicka.
1:15 of 1st period - Stopped by Carter Hart with a rebound.
2:01 of 1st period - Wrist shot by Zach Sanford.
2:01 of 1st period - Shot Misses the Net.
2:13 of 1st period - Snap shot by Blake Lizotte.
2:13 of 1st period - Shot Misses the Net.
2:15 of 1st period - Slapshot by Erik Gustafsson.
2:15 of 1st period - Deflect By Kevin Rooney.
2:15 of 1st period - Stopped by Carter Hart with a rebound.
2:17 of 1st period - Snap shot by Casey Fitzgerald.
2:17 of 1st period - Deflect By Blake Lizotte.
2:17 of 1st period - Shot Hit the Post.
2:17 of 1st period - Puck is out of play.
2:18 of 1st period - David Gustafsson wins face-off versus Jaret Anderson-Dolan in Santa Cruz Tiger Sharks zone.
2:20 of 1st period - David Gustafsson beats up William Borgen.
2:20 of 1st period - Penalty to William Borgen for Fighting.
2:20 of 1st period - Penalty to David Gustafsson for Fighting.
2:21 of 1st period - Jaret Anderson-Dolan wins face-off versus Jack Roslovic in neutral zone.
2:32 of 1st period - Snap shot by Jaret Anderson-Dolan.
2:32 of 1st period - Shot Misses the Net.
2:48 of 1st period - Jesper Boqvist is hit by Tyson Foerster and loses puck.
3:34 of 1st period - Slapshot by Mason Shaw.
3:34 of 1st period - Shot Misses the Net.
3:36 of 1st period - Snap shot by Otto Koivula.
3:36 of 1st period - Shot Misses the Net.
3:40 of 1st period - Backhand shot by Alexander Holtz.
3:40 of 1st period - Stopped by Carter Hart with a rebound.
3:50 of 1st period - Noah Juulsen is hit by Austin Strand and loses puck.
4:20 of 1st period - Wrist shot by Blake Lizotte.
4:20 of 1st period - Shot Blocked by Hunter Drew.
4:22 of 1st period - Snap shot by Blake Lizotte.
4:22 of 1st period - Shot Blocked by Kristians Rubins.
4:45 of 1st period - Evgeny Svechnikov is hit by Erik Gustafsson and loses puck.
4:56 of 1st period - Carter Rowney is hit by Jacob Larsson and loses puck.
5:03 of 1st period - Backhand shot by Alexander Holtz.
5:03 of 1st period - Shot Blocked by Kristians Rubins.
5:05 of 1st period - Snap shot by Otto Koivula.
5:05 of 1st period - Deflect By Mason Shaw.
5:05 of 1st period - Stopped by Carter Hart with a rebound.
5:15 of 1st period - Jack Roslovic is hit by Casey Fitzgerald.
5:19 of 1st period - Travis Boyd is hit by Casey Fitzgerald and loses puck.
6:01 of 1st period - Snap shot by Jack Roslovic.
6:01 of 1st period - Shot Misses the Net.
6:22 of 1st period - Hunter Drew is hit by Alexander Holtz and loses puck.
7:00 of 1st period - Icing by Sean Day.
7:01 of 1st period - Adam Ruzicka wins face-off versus Michael McLeod in Santa Cruz Tiger Sharks zone.
7:12 of 1st period - Wrist shot by Carson Meyer.
7:12 of 1st period - Shot Blocked by Evgeny Svechnikov.
7:14 of 1st period - Snap shot by Brandon Duhaime.
7:14 of 1st period - Stopped by Carter Hart with a rebound.
7:40 of 1st period - Wrist shot by Kieffer Bellows.
7:40 of 1st period - Shot Blocked by Jaret Anderson-Dolan.
8:28 of 1st period - Kevin Rooney is hit by Jaret Anderson-Dolan and loses puck.
8:55 of 1st period - Slapshot by Blake Lizotte.
8:55 of 1st period - Stopped by Carter Hart without a rebound.
8:56 of 1st period - Blake Lizotte wins face-off versus Jack Roslovic in Santa Cruz Tiger Sharks zone.
9:50 of 1st period - Alexander Volkov is hit by Mason Shaw and loses puck.
10:34 of 1st period - William Borgen is hit by Kailer Yamamoto and loses puck.
10:47 of 1st period - Minor Penalty to Hunter Drew for Hooking.
10:48 of 1st period - Blake Lizotte wins face-off versus Jack Roslovic in Santa Cruz Tiger Sharks zone.
10:53 of 1st period - Wrist shot by Nathan Bastian.
10:53 of 1st period - Shot Misses the Net.
10:55 of 1st period - Snap shot by Blake Lizotte.
10:55 of 1st period - Goal by Blake Lizotte - Santa Cruz Tiger Sharks : 0 - Philadelphia Phantoms : 1.
10:56 of 1st period - Jaret Anderson-Dolan wins face-off versus Michael McLeod in neutral zone.
10:58 of 1st period - Jaret Anderson-Dolan beats up Zach Sanford.
10:58 of 1st period - Penalty to Jaret Anderson-Dolan for Fighting.
10:58 of 1st period - Penalty to Zach Sanford for Fighting.
10:59 of 1st period - Mason Shaw wins face-off versus David Gustafsson in neutral zone.
11:33 of 1st period - Casey Fitzgerald is hit by Kieffer Bellows and loses puck.
12:16 of 1st period - Michael McLeod is hit by Brett Murray and loses puck.
12:44 of 1st period - Snap shot by Nathan Bastian.
12:44 of 1st period - Stopped by Carter Hart without a rebound.
12:45 of 1st period - David Gustafsson wins face-off versus Adam Ruzicka in Santa Cruz Tiger Sharks zone.
14:11 of 1st period - Icing by Kevin Rooney.
14:12 of 1st period - Blake Lizotte wins face-off versus Kevin Rooney in Santa Cruz Tiger Sharks zone.
14:15 of 1st period - Snap shot by Brett Murray.
14:15 of 1st period - Stopped by Carter Hart with a rebound.
14:17 of 1st period - Wrist shot by Mason Shaw.
14:17 of 1st period - Stopped by Carter Hart without a rebound.
14:18 of 1st period - Michael McLeod wins face-off versus Mason Shaw in Santa Cruz Tiger Sharks zone.
14:18 of 1st period - Casey Fitzgerald beats up Michael McLeod.
14:18 of 1st period - Penalty to Casey Fitzgerald for Fighting.
14:18 of 1st period - Penalty to Michael McLeod for Fighting.
14:19 of 1st period - David Gustafsson wins face-off versus Mason Shaw in Santa Cruz Tiger Sharks zone.
14:28 of 1st period - Snap shot by Jesper Boqvist.
14:28 of 1st period - Goal by Jesper Boqvist - Santa Cruz Tiger Sharks : 1 - Philadelphia Phantoms : 1.
14:29 of 1st period - Blake Lizotte wins face-off versus David Gustafsson in neutral zone.
14:54 of 1st period - Jack Roslovic is hit by Nathan Bastian and loses puck.
15:03 of 1st period - Snap shot by Mason Shaw.
15:03 of 1st period - Shot Misses the Net.
15:05 of 1st period - Snap shot by Noah Juulsen.
15:05 of 1st period - Shot Blocked by Austin Strand.
15:07 of 1st period - Slapshot by Noah Juulsen.
15:07 of 1st period - Shot Misses the Net.
15:51 of 1st period - Sean Day is hit by Tyson Foerster and loses puck.
16:12 of 1st period - Snap shot by Nathan Bastian.
16:12 of 1st period - Stopped by Carter Hart without a rebound.
16:13 of 1st period - Blake Lizotte wins face-off versus Jack Roslovic in Santa Cruz Tiger Sharks zone.
17:04 of 1st period - William Borgen is hit by Alexander Volkov and loses puck.
17:17 of 1st period - Slapshot by Adam Ruzicka.
17:17 of 1st period - Deflect By Jack Roslovic.
17:17 of 1st period - Stopped by Carter Hart without a rebound.
17:18 of 1st period - Jack Roslovic wins face-off versus Adam Ruzicka in Santa Cruz Tiger Sharks zone.
17:18 of 1st period - Jack Roslovic is hit by Carson Meyer.
17:25 of 1st period - Minor Penalty to Brad Hunt for Holding.
17:26 of 1st period - Jack Roslovic wins face-off versus Otto Koivula in Philadelphia Phantoms zone.
17:29 of 1st period - Snap shot by Kailer Yamamoto.
17:29 of 1st period - Shot Misses the Net.
17:31 of 1st period - Snap shot by Jack Roslovic.
17:31 of 1st period - Stopped by Dereck Baribeau with a rebound.
17:33 of 1st period - Snap shot by Kailer Yamamoto.
17:33 of 1st period - Stopped by Dereck Baribeau with a rebound.
17:56 of 1st period - Austin Strand is hit by Noah Juulsen and loses puck.
18:03 of 1st period - Noah Juulsen is hit by Calle Rosen and loses puck.
18:14 of 1st period - Snap shot by Travis Boyd.
18:14 of 1st period - Stopped by Dereck Baribeau with a rebound.
19:13 of 1st period - Calle Rosen is hit by Jacob Larsson and loses puck.
19:18 of 1st period - Penalty to Casey Fitzgerald is over, Casey Fitzgerald is back on ice.
19:18 of 1st period - Snap shot by Jaret Anderson-Dolan.
19:18 of 1st period - Shot Misses the Net.
19:20 of 1st period - Snap shot by Jaret Anderson-Dolan.
19:20 of 1st period - Stopped by Carter Hart with a rebound.
19:26 of 1st period - Wrist shot by Brett Murray.
19:26 of 1st period - Goal by Brett Murray - Santa Cruz Tiger Sharks : 1 - Philadelphia Phantoms : 2.
19:27 of 1st period - Blake Lizotte wins face-off versus Kevin Rooney in neutral zone.
19:38 of 1st period - Snap shot by Nick Cousins.
19:38 of 1st period - Stopped by Carter Hart with a rebound.
19:49 of 1st period - Icing by Kevin Rooney.
19:50 of 1st period - Jaret Anderson-Dolan wins face-off versus Jack Roslovic in Santa Cruz Tiger Sharks zone.
19:51 of 1st period - Wrist shot by Nathan Bastian.
19:51 of 1st period - Deflect By Jaret Anderson-Dolan.
19:51 of 1st period - Shot Misses the Net.
19:51 of 1st period - Puck is out of play.
19:52 of 1st period - Jack Roslovic wins face-off versus Jaret Anderson-Dolan in Santa Cruz Tiger Sharks zone.
Goals for this period are 1 for Santa Cruz Tiger Sharks vs 2 for Philadelphia Phantoms.
Shots for this period are 4 for Santa Cruz Tiger Sharks vs 15 for Philadelphia Phantoms.
2nd period
0:01 of 2nd period - Michael McLeod wins face-off versus Jaret Anderson-Dolan in neutral zone.
0:36 of 2nd period - Slapshot by Kailer Yamamoto.
0:36 of 2nd period - Stopped by Dereck Baribeau with a rebound.
0:38 of 2nd period - Snap shot by Travis Boyd.
0:38 of 2nd period - Stopped by Dereck Baribeau without a rebound.
0:39 of 2nd period - Kevin Rooney wins face-off versus Mason Shaw in Philadelphia Phantoms zone.
1:54 of 2nd period - Wrist shot by Kieffer Bellows.
1:54 of 2nd period - Deflect By Kevin Rooney.
1:54 of 2nd period - Shot Blocked by Jacob Larsson.
1:54 of 2nd period - Puck is out of play.
1:55 of 2nd period - Blake Lizotte wins face-off versus Michael McLeod in Philadelphia Phantoms zone.
1:57 of 2nd period - Minor Penalty to Nick Cousins for Hooking.
1:58 of 2nd period - Mason Shaw wins face-off versus Kailer Yamamoto in Philadelphia Phantoms zone.
2:07 of 2nd period - Off-side.
2:08 of 2nd period - Mason Shaw wins face-off versus Jack Roslovic in neutral zone.
2:26 of 2nd period - Mason Shaw is hit by Austin Strand and loses puck.
2:33 of 2nd period - Wrist shot by Travis Boyd.
2:33 of 2nd period - Shot Hit the Post.
2:35 of 2nd period - Snap shot by Austin Strand.
2:35 of 2nd period - Deflect By Mason Shaw.
2:35 of 2nd period - Stopped by Dereck Baribeau without a rebound.
2:36 of 2nd period - Otto Koivula wins face-off versus Michael McLeod in Philadelphia Phantoms zone.
2:36 of 2nd period - Otto Koivula is hit by Zach Sanford.
2:50 of 2nd period - Slapshot by Zach Sanford.
2:50 of 2nd period - Shot Blocked by Casey Fitzgerald.
2:52 of 2nd period - Slapshot by Sean Day.
2:52 of 2nd period - Stopped by Dereck Baribeau with a rebound.
3:21 of 2nd period - Snap shot by Michael McLeod.
3:21 of 2nd period - Deflect By Brad Hunt.
3:21 of 2nd period - Goal by Michael McLeod - Santa Cruz Tiger Sharks : 2 - Philadelphia Phantoms : 2.
3:22 of 2nd period - Michael McLeod wins face-off versus Tyson Foerster in neutral zone.
3:29 of 2nd period - Austin Strand is hit by Tyson Foerster and loses puck.
3:40 of 2nd period - Michael McLeod is hit by Nick Cousins and loses puck.
3:57 of 2nd period - Jaret Anderson-Dolan is hit by Travis Boyd and loses puck.
4:14 of 2nd period - Carter Rowney is hit by Casey Fitzgerald and loses puck.
4:23 of 2nd period - Snap shot by Alexander Holtz.
4:23 of 2nd period - Stopped by Carter Hart with a rebound.
4:25 of 2nd period - Snap shot by Mason Shaw.
4:25 of 2nd period - Shot Blocked by Evgeny Svechnikov.
4:37 of 2nd period - Kevin Rooney is hit by Brad Hunt and loses puck.
4:44 of 2nd period - Slapshot by Adam Ruzicka.
4:44 of 2nd period - Shot Blocked by Kristians Rubins.
6:03 of 2nd period - Carson Meyer is hit by David Gustafsson and loses puck.
6:39 of 2nd period - Wrist shot by Brandon Duhaime.
6:39 of 2nd period - Shot Misses the Net.
6:41 of 2nd period - Slapshot by Brandon Duhaime.
6:41 of 2nd period - Stopped by Carter Hart with a rebound.
6:43 of 2nd period - Snap shot by Carson Meyer.
6:43 of 2nd period - Stopped by Carter Hart with a rebound.
6:45 of 2nd period - Snap shot by Brad Hunt.
6:45 of 2nd period - Shot Misses the Net.
6:47 of 2nd period - Snap shot by Brandon Duhaime.
6:47 of 2nd period - Goal by Brandon Duhaime - Santa Cruz Tiger Sharks : 2 - Philadelphia Phantoms : 3.
6:48 of 2nd period - Blake Lizotte wins face-off versus Michael McLeod in neutral zone.
7:34 of 2nd period - Mason Shaw is hit by Alexander Volkov.
8:02 of 2nd period - Slapshot by Blake Lizotte.
8:02 of 2nd period - Stopped by Carter Hart without a rebound.
8:03 of 2nd period - Blake Lizotte wins face-off versus Michael McLeod in Santa Cruz Tiger Sharks zone.
8:09 of 2nd period - Minor Penalty to Michael McLeod for Tripping.
8:10 of 2nd period - Blake Lizotte wins face-off versus Alexander Volkov in Santa Cruz Tiger Sharks zone.
8:12 of 2nd period - Snap shot by Blake Lizotte.
8:12 of 2nd period - Goal by Blake Lizotte - Santa Cruz Tiger Sharks : 2 - Philadelphia Phantoms : 4.
8:13 of 2nd period - Michael McLeod wins face-off versus Blake Lizotte in neutral zone.
8:16 of 2nd period - Slapshot by Nick Cousins.
8:16 of 2nd period - Stopped by Carter Hart without a rebound.
8:17 of 2nd period - Michael McLeod wins face-off versus Blake Lizotte in Santa Cruz Tiger Sharks zone.
8:19 of 2nd period - Minor Penalty to Michael McLeod for High sticking.
8:20 of 2nd period - Blake Lizotte wins face-off versus Alexander Volkov in Santa Cruz Tiger Sharks zone.
8:45 of 2nd period - Tobias Bjornfot is hit by Adam Ruzicka and loses puck.
9:20 of 2nd period - Tyson Foerster is hit by Sean Day.
10:19 of 2nd period - Penalty to Michael McLeod is over, Michael McLeod is back on ice.
10:25 of 2nd period - Zach Sanford is hit by Jacob Larsson and loses puck.
10:40 of 2nd period - Slapshot by David Gustafsson.
10:40 of 2nd period - Stopped by Dereck Baribeau with a rebound.
10:42 of 2nd period - Slapshot by Carter Rowney.
10:42 of 2nd period - Stopped by Dereck Baribeau with a rebound.
10:44 of 2nd period - Wrist shot by Carter Rowney.
10:44 of 2nd period - Stopped by Dereck Baribeau with a rebound.
10:46 of 2nd period - Slapshot by David Gustafsson.
10:46 of 2nd period - Shot Misses the Net.
10:48 of 2nd period - Snap shot by Carter Rowney.
10:48 of 2nd period - Shot Misses the Net.
11:16 of 2nd period - Nathan Bastian is hit by Kristians Rubins.
11:49 of 2nd period - Tyson Foerster is hit by Kevin Rooney and loses puck.
12:13 of 2nd period - Otto Koivula is hit by Zach Sanford and loses puck.
12:50 of 2nd period - Tobias Bjornfot is hit by Nick Cousins and loses puck.
13:12 of 2nd period - Adam Ruzicka is hit by Evgeny Svechnikov and loses puck.
13:33 of 2nd period - Kailer Yamamoto is hit by William Borgen.
14:07 of 2nd period - Carter Rowney is hit by Tyson Foerster and loses puck.
14:16 of 2nd period - Blake Lizotte is hit by Kristians Rubins and loses puck.
14:48 of 2nd period - Alexander Volkov is hit by Carson Meyer and loses puck.
14:55 of 2nd period - Wrist shot by Kieffer Bellows.
14:55 of 2nd period - Goal by Kieffer Bellows - Santa Cruz Tiger Sharks : 3 - Philadelphia Phantoms : 4.
14:56 of 2nd period - Jack Roslovic wins face-off versus Jaret Anderson-Dolan in neutral zone.
15:26 of 2nd period - Wrist shot by Jesper Boqvist.
15:26 of 2nd period - Shot Hit the Post.
15:28 of 2nd period - Snap shot by Zach Sanford.
15:28 of 2nd period - Stopped by Dereck Baribeau with a rebound.
15:30 of 2nd period - Slapshot by Tobias Bjornfot.
15:30 of 2nd period - Deflect By Alexander Holtz.
15:30 of 2nd period - Stopped by Dereck Baribeau with a rebound.
15:32 of 2nd period - Snap shot by Michael McLeod.
15:32 of 2nd period - Shot Blocked by Mason Shaw.
15:34 of 2nd period - Slapshot by Austin Strand.
15:34 of 2nd period - Deflect By Alexander Holtz.
15:34 of 2nd period - Stopped by Dereck Baribeau with a rebound.
15:36 of 2nd period - Slapshot by Austin Strand.
15:36 of 2nd period - Stopped by Dereck Baribeau without a rebound.
15:37 of 2nd period - Blake Lizotte wins face-off versus Kevin Rooney in Philadelphia Phantoms zone.
15:50 of 2nd period - Slapshot by Kieffer Bellows.
15:50 of 2nd period - Shot Misses the Net.
15:52 of 2nd period - Snap shot by Alexander Volkov.
15:52 of 2nd period - Shot Blocked by Casey Fitzgerald.
15:59 of 2nd period - Icing by Casey Fitzgerald.
16:00 of 2nd period - Blake Lizotte wins face-off versus Jack Roslovic in Philadelphia Phantoms zone.
16:25 of 2nd period - Alexander Holtz is hit by Zach Sanford and loses puck.
17:13 of 2nd period - Slapshot by Nick Cousins.
17:13 of 2nd period - Stopped by Carter Hart without a rebound.
17:14 of 2nd period - Jaret Anderson-Dolan wins face-off versus Jack Roslovic in Santa Cruz Tiger Sharks zone.
17:19 of 2nd period - Wrist shot by Nathan Bastian.
17:19 of 2nd period - Deflect By Brett Murray.
17:19 of 2nd period - Stopped by Carter Hart with a rebound.
17:49 of 2nd period - Wrist shot by Nick Cousins.
17:49 of 2nd period - Shot Misses the Net.
17:51 of 2nd period - Snap shot by Blake Lizotte.
17:51 of 2nd period - Deflect By Tyson Foerster.
17:51 of 2nd period - Shot Blocked by Kristians Rubins.
17:51 of 2nd period - Puck is out of play.
17:52 of 2nd period - Michael McLeod wins face-off versus Mason Shaw in Santa Cruz Tiger Sharks zone.
18:10 of 2nd period - Sean Day is hit by William Borgen and loses puck.
18:27 of 2nd period - Wrist shot by Kailer Yamamoto.
18:27 of 2nd period - Shot Misses the Net.
18:47 of 2nd period - Snap shot by Alexander Volkov.
18:47 of 2nd period - Stopped by Dereck Baribeau with a rebound.
19:12 of 2nd period - Snap shot by Adam Ruzicka.
19:12 of 2nd period - Deflect By Brandon Duhaime.
19:12 of 2nd period - Stopped by Carter Hart with a rebound.
19:14 of 2nd period - Backhand shot by Carson Meyer.
19:14 of 2nd period - Shot Misses the Net.
19:16 of 2nd period - Slapshot by Carson Meyer.
19:16 of 2nd period - Deflect By Brandon Duhaime.
19:16 of 2nd period - Shot Blocked by Evgeny Svechnikov.
19:16 of 2nd period - Puck is out of play.
19:17 of 2nd period - Michael McLeod wins face-off versus Jaret Anderson-Dolan in Santa Cruz Tiger Sharks zone.
19:27 of 2nd period - Wrist shot by Zach Sanford.
19:27 of 2nd period - Shot Misses the Net.
19:29 of 2nd period - Slapshot by Zach Sanford.
19:29 of 2nd period - Shot Misses the Net.
19:31 of 2nd period - Snap shot by Tobias Bjornfot.
19:31 of 2nd period - Stopped by Dereck Baribeau without a rebound.
19:32 of 2nd period - Nick Cousins wins face-off versus Jack Roslovic in Philadelphia Phantoms zone.
19:32 of 2nd period - Nick Cousins is hit by Sean Day.
Goals for this period are 2 for Santa Cruz Tiger Sharks vs 2 for Philadelphia Phantoms.
Shots for this period are 15 for Santa Cruz Tiger Sharks vs 10 for Philadelphia Phantoms.
3rd period
0:01 of 3rd period - Michael McLeod wins face-off versus Jaret Anderson-Dolan in neutral zone.
0:04 of 3rd period - Nathan Bastian is hit by Michael McLeod and loses puck.
0:11 of 3rd period - Wrist shot by Brett Murray.
0:11 of 3rd period - Shot Misses the Net.
0:13 of 3rd period - Wrist shot by Jaret Anderson-Dolan.
0:13 of 3rd period - Shot Blocked by Tobias Bjornfot.
0:25 of 3rd period - Blake Lizotte is hit by Jack Roslovic and loses puck.
0:44 of 3rd period - Snap shot by Kevin Rooney.
0:44 of 3rd period - Goal by Kevin Rooney - Santa Cruz Tiger Sharks : 4 - Philadelphia Phantoms : 4.
0:45 of 3rd period - Travis Boyd wins face-off versus Nathan Bastian in neutral zone.
0:54 of 3rd period - Slapshot by Erik Gustafsson.
0:54 of 3rd period - Shot Misses the Net.
1:36 of 3rd period - Snap shot by Otto Koivula.
1:36 of 3rd period - Shot Misses the Net.
1:38 of 3rd period - Slapshot by Jacob Larsson.
1:38 of 3rd period - Deflect By Hunter Drew.
1:38 of 3rd period - Stopped by Carter Hart without a rebound.
1:39 of 3rd period - Jaret Anderson-Dolan wins face-off versus Kevin Rooney in Santa Cruz Tiger Sharks zone.
1:47 of 3rd period - Minor Penalty to Kieffer Bellows for Interference.
1:48 of 3rd period - Jack Roslovic wins face-off versus Blake Lizotte in Santa Cruz Tiger Sharks zone.
1:58 of 3rd period - Slapshot by Erik Gustafsson.
1:58 of 3rd period - Shot Blocked by Calle Rosen.
2:00 of 3rd period - Backhand shot by Erik Gustafsson.
2:00 of 3rd period - Shot Blocked by Sean Day.
2:02 of 3rd period - Slapshot by Erik Gustafsson.
2:02 of 3rd period - Deflect By Nick Cousins.
2:02 of 3rd period - Stopped by Carter Hart with a rebound.
2:04 of 3rd period - Snap shot by Erik Gustafsson.
2:04 of 3rd period - Shot Misses the Net.
2:34 of 3rd period - Kailer Yamamoto is hit by Blake Lizotte and loses puck.
3:47 of 3rd period - Penalty to Kieffer Bellows is over, Kieffer Bellows is back on ice.
3:54 of 3rd period - Hunter Drew is hit by Otto Koivula and loses puck.
4:03 of 3rd period - Slapshot by Otto Koivula.
4:03 of 3rd period - Stopped by Carter Hart without a rebound.
4:04 of 3rd period - Alexander Volkov wins face-off versus Mason Shaw in Santa Cruz Tiger Sharks zone.
4:22 of 3rd period - William Borgen is hit by Kevin Rooney and loses puck.
4:33 of 3rd period - Calle Rosen is hit by Jacob Larsson.
5:25 of 3rd period - Jaret Anderson-Dolan is hit by Jack Roslovic.
5:39 of 3rd period - Wrist shot by Nick Cousins.
5:39 of 3rd period - Deflect By Blake Lizotte.
5:39 of 3rd period - Shot Misses the Net.
5:39 of 3rd period - Puck is out of play.
5:40 of 3rd period - Michael McLeod wins face-off versus Blake Lizotte in Santa Cruz Tiger Sharks zone.
5:44 of 3rd period - Off-side.
5:45 of 3rd period - Blake Lizotte wins face-off versus Michael McLeod in neutral zone.
5:48 of 3rd period - Backhand shot by Erik Gustafsson.
5:48 of 3rd period - Goal by Erik Gustafsson - Santa Cruz Tiger Sharks : 4 - Philadelphia Phantoms : 5.
5:49 of 3rd period - Blake Lizotte wins face-off versus Jack Roslovic in neutral zone.
5:52 of 3rd period - Slapshot by Blake Lizotte.
5:52 of 3rd period - Shot Blocked by Jack Roslovic.
5:54 of 3rd period - Snap shot by Tyson Foerster.
5:54 of 3rd period - Shot Blocked by Travis Boyd.
6:24 of 3rd period - Wrist shot by Jesper Boqvist.
6:24 of 3rd period - Shot Blocked by Noah Juulsen.
6:57 of 3rd period - Slapshot by Noah Juulsen.
6:57 of 3rd period - Stopped by Carter Hart without a rebound.
6:58 of 3rd period - Jack Roslovic wins face-off versus Brandon Duhaime in Santa Cruz Tiger Sharks zone.
7:39 of 3rd period - Slapshot by Blake Lizotte.
7:39 of 3rd period - Stopped by Carter Hart with a rebound.
7:41 of 3rd period - Snap shot by William Borgen.
7:41 of 3rd period - Deflect By Calle Rosen.
7:41 of 3rd period - Stopped by Carter Hart with a rebound.
8:15 of 3rd period - Snap shot by Kieffer Bellows.
8:15 of 3rd period - Stopped by Dereck Baribeau with a rebound.
8:17 of 3rd period - Wrist shot by Kevin Rooney.
8:17 of 3rd period - Shot Blocked by Brett Murray.
8:19 of 3rd period - Wrist shot by Kieffer Bellows.
8:19 of 3rd period - Goal by Kieffer Bellows - Santa Cruz Tiger Sharks : 5 - Philadelphia Phantoms : 5.
8:20 of 3rd period - Blake Lizotte wins face-off versus Jack Roslovic in neutral zone.
8:32 of 3rd period - Erik Gustafsson is hit by Kailer Yamamoto and loses puck.
8:54 of 3rd period - Slapshot by Brad Hunt.
8:54 of 3rd period - Shot Misses the Net.
9:11 of 3rd period - Off-side.
9:12 of 3rd period - Jesper Boqvist wins face-off versus Blake Lizotte in neutral zone.
9:27 of 3rd period - Backhand shot by Blake Lizotte.
9:27 of 3rd period - Stopped by Carter Hart with a rebound.
9:45 of 3rd period - Snap shot by Nathan Bastian.
9:45 of 3rd period - Shot Misses the Net.
10:05 of 3rd period - Snap shot by Michael McLeod.
10:05 of 3rd period - Shot Blocked by William Borgen.
10:07 of 3rd period - Slapshot by Sean Day.
10:07 of 3rd period - Stopped by Dereck Baribeau without a rebound.
10:08 of 3rd period - Blake Lizotte wins face-off versus Jack Roslovic in Philadelphia Phantoms zone.
10:08 of 3rd period - Blake Lizotte is hit by Travis Boyd.
10:20 of 3rd period - Snap shot by Jack Roslovic.
10:20 of 3rd period - Stopped by Dereck Baribeau without a rebound.
10:21 of 3rd period - Blake Lizotte wins face-off versus Jack Roslovic in Philadelphia Phantoms zone.
10:21 of 3rd period - Blake Lizotte is hit by Travis Boyd.
10:27 of 3rd period - Wrist shot by Jack Roslovic.
10:27 of 3rd period - Stopped by Dereck Baribeau without a rebound.
10:28 of 3rd period - Blake Lizotte wins face-off versus Jack Roslovic in Philadelphia Phantoms zone.
10:28 of 3rd period - Blake Lizotte is hit by Tobias Bjornfot.
10:57 of 3rd period - Icing by Casey Fitzgerald.
10:58 of 3rd period - Michael McLeod wins face-off versus Blake Lizotte in Philadelphia Phantoms zone.
10:59 of 3rd period - Slapshot by Zach Sanford.
10:59 of 3rd period - Deflect By Jesper Boqvist.
10:59 of 3rd period - Stopped by Dereck Baribeau with a rebound.
11:23 of 3rd period - Slapshot by Nick Cousins.
11:23 of 3rd period - Stopped by Carter Hart with a rebound.
11:25 of 3rd period - Snap shot by Erik Gustafsson.
11:25 of 3rd period - Stopped by Carter Hart with a rebound.
11:27 of 3rd period - Wrist shot by Tyson Foerster.
11:27 of 3rd period - Deflect By Nick Cousins.
11:27 of 3rd period - Shot Blocked by Calle Rosen.
11:27 of 3rd period - Puck is out of play.
11:28 of 3rd period - Jack Roslovic wins face-off versus Jaret Anderson-Dolan in Santa Cruz Tiger Sharks zone.
11:38 of 3rd period - Wrist shot by Kailer Yamamoto.
11:38 of 3rd period - Stopped by Dereck Baribeau without a rebound.
11:39 of 3rd period - Jaret Anderson-Dolan wins face-off versus Jack Roslovic in Philadelphia Phantoms zone.
11:39 of 3rd period - Jaret Anderson-Dolan is hit by Jack Roslovic.
13:09 of 3rd period - Hunter Drew is hit by Brett Murray and loses puck.
13:18 of 3rd period - Backhand shot by Jack Roslovic.
13:18 of 3rd period - Shot Misses the Net.
13:56 of 3rd period - Tyson Foerster is hit by Calle Rosen and loses puck.
14:17 of 3rd period - Wrist shot by Jack Roslovic.
14:17 of 3rd period - Goal by Jack Roslovic - Santa Cruz Tiger Sharks : 6 - Philadelphia Phantoms : 5.
14:18 of 3rd period - Jaret Anderson-Dolan wins face-off versus Jack Roslovic in neutral zone.
14:23 of 3rd period - Wrist shot by Kailer Yamamoto.
14:23 of 3rd period - Shot Blocked by William Borgen.
14:25 of 3rd period - Snap shot by Austin Strand.
14:25 of 3rd period - Shot Blocked by Jaret Anderson-Dolan.
14:27 of 3rd period - Snap shot by Kailer Yamamoto.
14:27 of 3rd period - Stopped by Dereck Baribeau without a rebound.
14:28 of 3rd period - Jack Roslovic wins face-off versus Jaret Anderson-Dolan in Philadelphia Phantoms zone.
14:33 of 3rd period - Wrist shot by Travis Boyd.
14:33 of 3rd period - Stopped by Dereck Baribeau without a rebound.
14:34 of 3rd period - Blake Lizotte wins face-off versus Kailer Yamamoto in Philadelphia Phantoms zone.
15:02 of 3rd period - Brett Murray and Kristians Rubins fight to a draw.
15:02 of 3rd period - Penalty to Brett Murray for Fighting.
15:02 of 3rd period - Penalty to Kristians Rubins for Fighting.
15:03 of 3rd period - Kevin Rooney wins face-off versus Mason Shaw in Philadelphia Phantoms zone.
15:04 of 3rd period - Snap shot by Alexander Volkov.
15:04 of 3rd period - Stopped by Dereck Baribeau with a rebound.
15:37 of 3rd period - Slapshot by Erik Gustafsson.
15:37 of 3rd period - Stopped by Carter Hart with a rebound.
16:03 of 3rd period - Slapshot by Brandon Duhaime.
16:03 of 3rd period - Shot Misses the Net.
16:19 of 3rd period - Snap shot by Michael McLeod.
16:19 of 3rd period - Shot Misses the Net.
16:23 of 3rd period - Snap shot by Jesper Boqvist.
16:23 of 3rd period - Stopped by Dereck Baribeau with a rebound.
16:41 of 3rd period - Backhand shot by Kieffer Bellows.
16:41 of 3rd period - Shot Blocked by Jacob Larsson.
16:43 of 3rd period - Wrist shot by Kieffer Bellows.
16:43 of 3rd period - Goal by Kieffer Bellows - Santa Cruz Tiger Sharks : 7 - Philadelphia Phantoms : 5.
16:44 of 3rd period - Kevin Rooney wins face-off versus Mason Shaw in neutral zone.
16:47 of 3rd period - Slapshot by Calle Rosen.
16:47 of 3rd period - Stopped by Dereck Baribeau with a rebound.
16:53 of 3rd period - Slapshot by Alexander Holtz.
16:53 of 3rd period - Shot Misses the Net.
16:57 of 3rd period - Snap shot by Alexander Holtz.
16:57 of 3rd period - Stopped by Carter Hart without a rebound.
16:58 of 3rd period - Blake Lizotte wins face-off versus David Gustafsson in Santa Cruz Tiger Sharks zone.
17:05 of 3rd period - Slapshot by Tobias Bjornfot.
17:05 of 3rd period - Deflect By Casey Fitzgerald.
17:05 of 3rd period - Stopped by Dereck Baribeau without a rebound.
17:06 of 3rd period - Blake Lizotte wins face-off versus David Gustafsson in Philadelphia Phantoms zone.
17:14 of 3rd period - Icing by Erik Gustafsson.
17:15 of 3rd period - Blake Lizotte wins face-off versus Kevin Rooney in Philadelphia Phantoms zone.
17:20 of 3rd period - Snap shot by Nick Cousins.
17:20 of 3rd period - Shot Misses the Net.
17:42 of 3rd period - Slapshot by Mason Shaw.
17:42 of 3rd period - Shot Blocked by Hunter Drew.
17:46 of 3rd period - Wrist shot by Alexander Holtz.
17:46 of 3rd period - Stopped by Carter Hart with a rebound.
17:48 of 3rd period - Wrist shot by Mason Shaw.
17:48 of 3rd period - Deflect By Otto Koivula.
17:48 of 3rd period - Stopped by Carter Hart without a rebound.
17:49 of 3rd period - Nathan Bastian wins face-off versus Kevin Rooney in Santa Cruz Tiger Sharks zone.
18:14 of 3rd period - Brad Hunt is hit by Austin Strand and loses puck.
18:53 of 3rd period - Wrist shot by Michael McLeod.
18:53 of 3rd period - Stopped by Dereck Baribeau with a rebound.
19:20 of 3rd period - Icing by Casey Fitzgerald.
19:21 of 3rd period - Mason Shaw wins face-off versus Jack Roslovic in Philadelphia Phantoms zone.
19:21 of 3rd period - Mason Shaw is hit by Jack Roslovic.
Goals for this period are 4 for Santa Cruz Tiger Sharks vs 1 for Philadelphia Phantoms.
Shots for this period are 17 for Santa Cruz Tiger Sharks vs 14 for Philadelphia Phantoms.
Back to the Top